 Dungeon Crawl Stone Soup version 0.29-a0-617-g7a6b98fccd (webtiles) character file.

Game seed: 14381624896544472917

333 DocClef the Skirmisher (level 6, -2/58 HPs)
             Began as a Draconian Enchanter on June 17, 2022.
             Slain by a wight
             ... wielding a +6 halberd
              (10 damage)
             ... on level 4 of the Dungeon.
             The game lasted 00:03:35 (3254 turns).

DocClef the Skirmisher (Draconian Enchanter)        Turns: 3254, Time: 00:03:35

Health: -2/58      AC:  7    Str: 10    XL:     6   Next: 27%
Magic:  9/9        EV: 12    Int: 16    God:
Gold:   104        SH:  0    Dex: 13    Spells: 9/9 levels left

rFire   . . .      SeeInvis .   k - +2 dagger (elec)
rCold   . . .      Faith    .   (no shield)
rNeg    . . .      Spirit   .   (body armour unavailable)
rPois   .          Reflect  .   (helmet restricted)
rElec   .          Harm     .   (no cloak)
rCorr   .          Rampage  .   o - +0 pair of gloves
Will    .....                   (no boots)
Stlth   ++........              (no amulet)
HPRegen 0.19/turn               (no ring)
MPRegen 0.11/turn               (no ring)

@: invisible
A: AC +6, unfitting armour, cold-blooded
a: no special abilities


You were on level 4 of the Dungeon.
You visited 1 branch of the dungeon, and saw 4 of its levels.

You collected 104 gold pieces.

Inventory:

Hand Weapons
 a - a +1 dagger
 g - a +2 dagger of draining
 k - a +2 dagger of electrocution (weapon)
Armour
 o - a +0 pair of gloves (worn)
Scrolls
 c - a scroll of noise {unknown}
 d - a scroll of identify {unknown}
 h - 2 scrolls of torment {unknown}
 l - a scroll of blinking {unknown}
 n - a scroll of teleportation {unknown}
 p - a scroll of summoning {unknown}
Potions
 b - a potion of invisibility
 e - a potion of haste {unknown}
 f - a potion of might {unknown}
 i - a potion of ambrosia {unknown}
 j - a potion of curing {unknown}
 m - a potion of degeneration {unknown}


   Skills:
 - Level 6.3 Fighting
 + Level 2.5 Short Blades
 - Level 1.7 Dodging
 - Level 2.6 Stealth
 - Level 2.0 Spellcasting
 - Level 2.6 Hexes


You had 9 spell levels left.
You didn't know any spells.
Your spell library contained the following spells:

 Spells                   Type           Power      Damage    Failure   Level
 Ensorcelled Hibernation  Hex/Ice        10%        N/A       19%         2
 Beastly Appendage        Tmut           2%         N/A       21%         1
 Freeze                   Ice            4%         1d3       21%         1
 Sandblast                Erth           2%         2d4       21%         1
 Confusing Touch          Hex            10%        N/A       21%         3
 Tukima's Dance           Hex            10%        N/A       21%         3
 Dazzling Flash           Conj/Hex       10%        N/A       34%         3
 Conjure Flame            Conj/Fire      1%         6-21      52%         3
 Ignite Poison            Fire/Tmut/Pois 1%         N/A       52%         3
 Iskenderun's Mystic Bla  Conj/Tloc      1%         2d3       90%         4
 Sticky Flame             Conj/Fire      1%         2d3       90%         4
 Starburst                Conj/Fire      0%         6d3       100%        6


Dungeon Overview and Level Annotations

Branches:
Dungeon (4/15)
 Temple: D:4-7

Altars:
Makhleb

Shops:
D:2 =[?(!   D:3 (


Innate Abilities, Weirdness & Mutations

Your plain brown scales are hard. (AC +6)
You cannot fit into any form of body armour.
You are cold-blooded and may be slowed by cold attacks.


Message History

A wight comes into view. It is wielding a +6 halberd.
You hit the ogre.
The ogre is lightly wounded.
The ogre hits you with a +0 giant club!
You hit the ogre.
The ogre is lightly wounded.
You hit the ogre.
The ogre is moderately wounded.
The ogre misses you.
You hit the ogre.
You tail-slap the ogre, but do no damage.
The ogre is heavily wounded.
The wight barely misses you.
You hit the ogre.
The ogre is severely wounded.
The ogre barely misses you.
The wight hits you from afar with a +6 halberd!
You feel drained.
You barely miss the ogre.
The ogre is severely wounded.
The wight hits you from afar with a +6 halberd!
* * * LOW HITPOINT WARNING * * *
The ogre closely misses you.
You are too injured to fight recklessly!
You are too injured to fight recklessly!
You hit the ogre. Lightning courses through the ogre!
You kill the ogre!
The wight hits you from afar with a +6 halberd.
* * * LOW HITPOINT WARNING * * *
You feel drained.
* * * LOW HITPOINT WARNING * * *
Your life force feels restored.
Your Short Blades skill increases to level 2!
You have reached level 6!
Your scales feel tougher.
Okay, then.
You fade into invisibility!
The wight barely misses you. The wight hits you with a +6 halberd!
You die...

#...... #..... #.$..#
#....# ###
#####....##########...
#.....................
#......# ...<...#
#...# ####.....## #
#@..# #..#.......
###.#z..##+#..#.......
#.....##......#)...†##
##..).##......'<#.#...
#....##......###.#...
#....##......'...#...
#....##......#####...
####.##......'.......
#.##......#######.


You could see a wight (can't see you).

Vanquished Creatures
  An ogre (D:4)
  A scorpion (D:4)
  A wight (D:4)
  Jessica (D:3)
  Natasha (twice) (D:3)
  An adder (D:2)
  A worm (D:3)
  A dart slug (D:3)
  4 orcs (D:3)
  3 endoplasms
  2 goblins
  6 hobgoblins (D:2)
  2 jackals (D:1)
  A quokka (D:1)
  A ball python (D:1)
  4 bats
  5 frilled lizards
  7 kobolds (D:1)
  4 rats (D:1)
48 creatures vanquished.

Notes
Turn   | Place    | Note
-------+----------+-------------------------------------------
     0 | D:1      | DocClef the Draconian Enchanter began the quest for the
                  | Orb.
     0 | D:1      | Reached XP level 1. HP: 14/14 MP: 3/3
    98 | D:1      | Reached skill level 1 in Fighting
   455 | D:1      | Reached XP level 2. HP: 24/24 MP: 5/5
   481 | D:1      | Reached skill level 2 in Fighting
   942 | D:1      | Got Magic, Part One
  1047 | D:1      | Found a faded altar of an unknown god.
  1166 | D:2      | Reached skill level 3 in Fighting
  1166 | D:2      | Reached XP level 3. HP: 30/31 MP: 6/6
  1265 | D:2      | Found Plog's Magic Scroll Shoppe.
  1305 | D:2      | Found Geemaps's Antique Weapon Boutique.
  1378 | D:2      | Found Kozxiklo's Distillery.
  1719 | D:2      | Found Gaosay's Armour Emporium.
  1748 | D:2      | Found Hejuq's Jewellery Emporium.
  1882 | D:3      | Noticed Jessica
  1888 | D:3      | Killed Jessica
  1889 | D:3      | Reached skill level 4 in Fighting
  1956 | D:3      | Reached XP level 4. HP: 35/40 MP: 7/7
  1993 | D:3      | Found a burning altar of Makhleb.
  2527 | D:3      | Found Imaxt's Weapon Shoppe.
  2708 | D:3      | Noticed Natasha
  2716 | D:3      | Killed Natasha
  2822 | D:3      | Noticed Natasha
  2828 | D:3      | Killed Natasha
  2829 | D:3      | Reached skill level 5 in Fighting
  3025 | D:4      | Noticed a scorpion
  3030 | D:4      | Killed a scorpion
  3031 | D:4      | Reached XP level 5. HP: 50/50 MP: 8/8
  3055 | D:4      | Reached skill level 6 in Fighting
  3240 | D:4      | Noticed an ogre
  3249 | D:4      | Killed an ogre
  3250 | D:4      | Reached XP level 6. HP: 7/58 MP: 9/9
  3254 | D:4      | Slain by a wight

Illustrated notes

Levels and vault maps discovered:
D:1:      minmay_arrival_four_loops, layout_loops_ring,
          shapermc_ecumenical_altar_hornbeckon, palyth_stone_intersect
D:2:      layout_loops_ring, serial_shops, nicolae_shop_window_shopping,
          nicolae_shop_crystal, shop, nicolae_shop_crystal, shop
D:3:      layout_basic, lemuel_tele_altar, serial_shops,
          nicolae_shop_window_shopping, feat_on_display, uniq_jessica,
          uniq_natasha
D:4:      layout_basic, serial_shops, nicolae_shop_crystal, columned_hall_lemuel

Skill      XL: |  1  2  3  4  5 |
---------------+----------------+-----
Fighting       | 1 3 4 5 6 |  6.3
Short Blades   | 2 |  2.5
Dodging        | |  1.7
Stealth        | |  2.6
Spellcasting   | |  2.0
Hexes          | |  2.6

Action                   |  1- 3 |  4- 6 || total
-------------------------+-------+-------++-------
Melee: Dagger            |    76 |    71 ||   147
       Tailslap          |     6 |    12 ||    18
  Use: Potion            |       |     1 ||     1
 Stab: Sleeping          |    10 |       ||    10
Armor: Skin              |    13 |    12 ||    25
Dodge: Dodged            |    25 |    37 ||    62

Table legend: (Time is in decaauts)
 A = Elapsed time spent in this place.
 B = Non-inter-level travel time spent in this place.
 C = Inter-level travel time spent in this place.
 D = Time resting spent in this place.
 E = Time spent auto-exploring this place.
 F = Levels seen in this place.
 G = Mean time per level.
                   A        B        C        D        E       F      G
               +--------+--------+--------+--------+--------+-----+--------+
         Total |   3252 |   3117 |    135 |    378 |   2332 |   4 |  813.0 |
       Dungeon |   3252 |   3117 |    135 |    378 |   2332 |   4 |  813.0 |
               +--------+--------+--------+--------+--------+-----+--------+

Top non-repeatable levels by time:
     D:3: 1227 daAuts
     D:1: 1114 daAuts
     D:2: 682 daAuts
     D:4: 227 daAuts
